AoeStats
← 夜天刃233

Lombardia

510129885Analyzed
2v2 RM · 3d ago on Sep 29, 2026· 100m 50s· 4 players
Game mode
Random Map
Map size
Medium (4 player)
Population
200
Speed
Normal
Resources
Standard
Victory
Conquest
Starting age
Dark Age
Ending age
Imperial Age
RankedLock teamsTeams togetherTeam positionsShared explorationLock speedFull tech treeHidden civsTurbo modeCheats
Victory
Defeat
🇳🇱 Wei · Netherlands
818
+16
🇳🇱 Goths · Netherlands
789
+17
🇨🇳 Teutons · China
869
-52
767
-15
Jelleth_
3:34 Loom
11:58 Feudal Age
12:19 Horse Collar
12:26 Double-Bit Axe
13:18 Wheelbarrow
13:54 Gold Mining
23:20 Fletching
23:30 Padded Archer Armor
27:12 Castle Age
26:01 Stone Mining
28:02 Bodkin Arrow
28:22 Leather Archer Armor
28:35 Crossbowman
29:32 Heavy Plow
30:33 Ballistics
30:38 Forging
31:10 Thumb Ring
32:59 Husbandry
33:10 Bloodlines
34:04 Gold Shaft Mining
38:43 Imperial Age
38:07 Bow Saw
38:36 Iron Casting
38:06 Scale Barding Armor
38:53 Heavy Hei Guang Cavalry
41:35 Crop Rotation
41:45 Stone Shaft Mining
42:37 Blast Furnace
41:58 Chain Barding Armor
42:07 Hand Cart
42:55 Elite Tiger Cavalry
43:57 Conscription
45:16 Ming Guang Armor
45:18 Bracer
45:48 Ring Archer Armor
48:26 Caravan
52:06 Tuntian
58:24 Chemistry
67:59 Onager
75:25 Light Cavalry
79:09 Hussar
96:43 Scale Mail Armor
Blazin
5:11 Loom
12:09 Feudal Age
12:33 Horse Collar
12:45 Double-Bit Axe
18:11 Wheelbarrow
21:58 Castle Age
21:16 Scale Mail Armor
21:26 Forging
21:40 Gold Mining
23:32 Pikeman
26:05 Squires
26:05 Stone Mining
28:35 Chain Mail Armor
28:38 Bow Saw
32:07 Hand Cart
32:06 Anarchy
34:56 Iron Casting
43:48 Imperial Age
42:19 Hand Cart
42:34 Heavy Plow
43:52 Elite Huskarl
45:39 Blast Furnace
46:34 Perfusion
46:55 Conscription
48:02 Town Watch
49:16 Stone Shaft Mining
50:08 Caravan
51:20 Man-at-Arms
51:42 Halberdier
53:55 Town Patrol
60:04 Crop Rotation
59:35 Fletching
61:04 Two-Man Saw
64:25 Bodkin Arrow
81:06 Bracer
83:49 Chemistry
83:11 Ballistics
孤儿院剑圣月夜狐
13:03 Feudal Age
14:04 Double-Bit Axe
27:09 Castle Age
25:12 Scale Mail Armor
25:24 Forging
26:17 Stone Mining
28:02 Gold Mining
29:13 Ordonnance Companies
32:38 Chain Mail Armor
35:55 Imperial Age
34:35 Bow Saw
35:36 Iron Casting
35:58 Husbandry
36:38 Gold Shaft Mining
37:07 Conscription
37:34 Wheelbarrow
36:45 Loom
39:23 Hand Cart
38:57 Elite Throwing Axeman
40:38 Plate Mail Armor
41:34 Ballistics
42:24 Blast Furnace
45:24 Town Watch
45:56 Squires
46:26 Murder Holes
46:53 Ballistics
46:28 Fletching
49:10 Treadmill Crane
50:33 Chemistry
49:46 Masonry
51:57 Caravan
52:33 Arson
52:09 Pikeman
53:23 Bodkin Arrow
53:34 Scale Barding Armor
53:40 Halberdier
57:50 Architecture
80:19 Herbal Medicine
夜天刃233
0:38 Loom
14:02 Feudal Age
14:26 Horse Collar
14:34 Double-Bit Axe
15:57 Wheelbarrow
19:51 Arson
21:17 Man-at-Arms
28:27 Castle Age
28:05 Scale Mail Armor
28:17 Forging
27:58 Fletching
28:11 Padded Archer Armor
29:49 Bow Saw
29:43 Heavy Plow
31:44 Hand Cart
32:22 Ballistics
31:50 Elite Skirmisher
35:52 Imperial Age
34:06 Pikeman
38:04 Chemistry
36:50 Arrowslits
36:59 Guard Tower
37:22 Masonry
37:38 Cavalier
39:11 Scale Barding Armor
43:22 Paladin
44:12 Gold Mining
44:16 Stone Mining
45:53 Bloodlines
47:46 Ironclad
47:55 Elite Teutonic Knight
50:08 Fervor
52:59 Hoardings
57:08 Chain Barding Armor
57:04 Chain Mail Armor
57:06 Leather Archer Armor
56:47 Bodkin Arrow
57:27 Iron Casting
57:54 Crenellations
60:11 Plate Barding Armor
60:07 Plate Mail Armor
68:10 Blast Furnace
67:41 Ring Archer Armor
69:12 Fortified Wall
79:00 Squires
81:05 Caravan
82:35 Two-Man Saw
82:15 Crop Rotation
93:35 Guilds
Connection lost

Rejoining the realm…

Still unreachable

The connection could not be restored.

Session expired

The server has moved on; the page needs a fresh start.